AoeStats
← 入秋

Nomad

504181034Analyzed
2v2 RM · 28d ago on Sep 4, 2026· 34m 46s· 4 players
Game mode
Random Map
Map size
176×176
Population
200
Speed
Normal
Resources
Standard
Victory
Conquest
Starting age
Dark Age
Ending age
Imperial Age
RankedLock teamsTeams togetherTeam positionsShared explorationLock speedFull tech treeHidden civsTurbo modeCheats
Victory
Defeat
🇯🇵 Inca · Japan
1378
+12
🇨🇳 Mongols · China
1302
+15
🇨🇷 Mapuche · Costa Rica
1295
-14
🇨🇷 Persians · Costa Rica
1281
-13
入秋
3:48 Loom
12:54 Feudal Age
15:44 Wheelbarrow
17:07 Fletching
17:18 Padded Archer Armor
20:18 Castle Age
18:29 Double-Bit Axe
23:14 Bodkin Arrow
32:53 Gold Mining
34:29 Gold Shaft Mining
34:11 Bow Saw
37:21 Imperial Age
mayoke331
4:44 Loom
13:00 Feudal Age
13:30 Double-Bit Axe
17:50 Castle Age
16:22 Gold Mining
16:18 Horse Collar
16:23 Champi Runner
17:06 Fishing Lines
18:00 Champi Warrior
19:33 Wheelbarrow
19:06 Squires
19:10 Scale Mail Armor
20:51 Padded Archer Armor
21:33 Town Watch
22:12 Fletching
23:06 Hand Cart
25:22 Bow Saw
25:45 Stone Mining
27:44 Gillnets
27:38 Pikeman
30:55 Medium Warships
34:37 Imperial Age
32:24 Heavy Plow
33:00 Gold Shaft Mining
33:03 Stone Shaft Mining
34:00 Chain Mail Armor
Melfyce
7:17 Loom
14:55 Feudal Age
18:33 Castle Age
18:03 Fletching
23:14 Double-Bit Axe
27:54 Medium Warships
30:29 Gold Mining
31:33 Horse Collar
Divine VI
5:42 Loom
14:13 Feudal Age
18:54 Castle Age
16:53 Stone Mining
16:52 Fishing Lines
21:10 Gillnets
24:14 Horse Collar
24:26 Double-Bit Axe
28:28 Bloodlines
28:17 Gold Mining
30:37 Bow Saw
30:55 Heavy Plow
32:07 Wheelbarrow
32:22 Husbandry
34:36 Gold Shaft Mining
34:05 Town Watch
Connection lost

Rejoining the realm…

Still unreachable

The connection could not be restored.

Session expired

The server has moved on; the page needs a fresh start.